 Dungeon Crawl Stone Soup version 0.31-a0-931-g7b59d4eb97 (webtiles) character file.

Game seed: 15714335072088696410

1506 Error4North the Poker (level 8, -3/61 (64) HPs)
             Began as a Gnoll Reaver on Oct 19, 2023.
             Killed from afar by an orc wizard (8 damage)
             ... with a puff of flame
             ... on level 6 of the Dungeon.
             The game lasted 00:24:54 (4822 turns).

Error4North the Poker (Gnoll Reaver)                Turns: 4822, Time: 00:24:54

HP:   -3/61 (64)    AC:  6    Str: 17    XL:     8   Next: 82%
MP:   15/17         EV: 12    Int: 19    God:
Gold: 293           SH:  9    Dex: 10    Spells: 9/19 levels left

rFire   . . .        s - +12 mace "Kivvuagh" {holy, Str+3 Int+6}
rCold   . . .        x - +0 buckler
rNeg    . . .        b - +0 leather armour
rPois   .            (no helmet)
rElec   .            k - scarf {shadows}
rCorr   .            t - +0 pair of gloves
SInv    .            n - +1 pair of boots
Will    .....        q - amulet of reflection
Stlth   ++           (no ring)
HPRegen 0.30/turn    (no ring)
MPRegen 0.15/turn

%: reflection
@: very slightly contaminated, hasted, lightly drained, very quick
A: fangs 1, strong nose, distributed training
a: no special abilities


You were on level 6 of the Dungeon.
You visited 1 branch of the dungeon, and saw 6 of its levels.

You collected 293 gold pieces.

Inventory:

Hand Weapons
 g - a +0 sling
 s - the +12 mace "Kivvuagh" (weapon) {holy, Str+3 Int+6}
   (You found it on level 2 of the Dungeon)

   Str+3:     It affects your strength (+3).
   Int+6:     It affects your intelligence (+6).
Missiles
 m - 40 stones (quivered)
 z - 6 boomerangs
Armour
 b - a +0 leather armour (worn)
 k - a scarf of shadows (worn)
 n - a +1 pair of boots (worn)
 t - a +0 pair of gloves (worn)
 x - a +0 buckler (worn)
Jewellery
 q - an amulet of reflection (around neck)
 r - a +6 ring of strength
Talismans
 v - a maw talisman
Wands
 y - a wand of roots (15)
Scrolls
 c - 5 scrolls of identify {unknown}
 d - 2 scrolls of blinking {unknown}
 e - a scroll of butterflies {unknown}
 h - a scroll of enchant armour {unknown}
 i - 2 scrolls of fog {unknown}
 u - a scroll of fear {unknown}
 A - a scroll of vulnerability {unknown}
Potions
 a - a potion of haste
 f - a potion of enlightenment {unknown}
 j - 2 potions of attraction {unknown}
 l - 2 potions of lignification {unknown}
 o - 2 potions of degeneration {unknown}
 p - a potion of curing {unknown}
 w - 2 potions of might {unknown}
 B - a potion of mutation {unknown}


   Skills:
 + Level 5.9 Fighting
 + Level 3.6 Short Blades
 + Level 3.6 Long Blades
 + Level 3.6 Axes
 + Level 3.6 Maces & Flails
 + Level 7.6 Polearms
 + Level 3.6 Staves
 + Level 3.6 Ranged Weapons
 + Level 3.6 Throwing
 + Level 3.6 Armour
 + Level 5.9 Dodging
 + Level 3.6 Stealth
 + Level 3.6 Shields
 + Level 3.6 Unarmed Combat
 + Level 6.2 Spellcasting
 + Level 6.3 Conjurations
 + Level 3.0 Hexes
 + Level 3.0 Summonings
 + Level 3.0 Necromancy
 + Level 3.0 Translocations
 + Level 3.0 Transmutations
 + Level 3.0 Fire Magic
 + Level 3.0 Ice Magic
 + Level 3.0 Air Magic
 + Level 3.0 Earth Magic
 + Level 3.0 Poison Magic
 + Level 4.0 Invocations
 + Level 3.6 Evocations
 + Level 3.3 Shapeshifting


You had 9 spell levels left.
You knew the following spells:

 Your Spells              Type           Power      Damage    Failure   Level
a - Kiss of Death         Conj/Necr      92%        2d12      2%          1
b - Momentum Strike       Conj/Tloc      46%        3d9       3%          2
c - Hailstorm             Conj/Ice       23%        3d7       8%          3
d - Blink                 Tloc           34%        N/A       7%          2
e - Lesser Beckoning      Tloc           34%        N/A       7%          2

Your spell library contained the following spells:

 Spells                   Type           Power      Damage    Failure   Level
 Ensorcelled Hibernation  Hex/Ice        34%        N/A       7%          2
 Jinxbite                 Hex            34%        N/A       7%          2
 Anguish                  Hex/Necr       8%         N/A       43%         4


Dungeon Overview and Level Annotations

Branches:
Dungeon (6/15)             Temple (0/1) D:4

Altars:
Ashenzari
Cheibriados
Nemelex Xobeh


Innate Abilities, Weirdness & Mutations

You have very sharp teeth.
Your uncanny sense of smell can sniff out nearby items.
Your experience applies equally to all skills.


Message History

The black bear barely misses you. You block the black bear's attack.
The black bear claws you. You block the orc's attack.
The orc priest barely misses you. The orc warrior closely misses you.
The orc priest looks satisfied for a moment.
The orc priest hits you with a +0 falchion.
The black bear bites you but does no damage.
The black bear claws you. You block the black bear's attack.
The orc priest hits you with a +0 whip. The orc warrior misses you.
The orc closely misses you. Something hits you but does no damage.
You sock the orc priest!
The orc priest is severely wounded.
The orc barely misses you. You block the orc priest's attack.
The orc warrior closely misses you. You block the orc priest's attack.
Something hits you but does no damage. The black bear bites you.
The black bear claws you. The black bear completely misses you.
Unknown command.
You sock the orc priest!
You kill the orc priest!
You hear some strange, mumbled words.
Something tries to affect you, but you resist.
The orc warrior hits you from afar with a +0 halberd.
The orc misses you. The orc priest closely misses you.
The black bear bites you but does no damage.
The black bear claws you.
The black bear claws you but does no damage.
It was a potion of haste.
You feel yourself speed up. You block the orc priest's attack.
The black bear barely misses you. The black bear closely misses you.
You block the black bear's attack. The orc closely misses you.
The orc warrior hits you from afar with a +0 halberd!
* * * LOW HITPOINT WARNING * * *
You sock the orc priest! You bite the orc priest.
The orc priest is almost dead.
The orc priest invokes the aid of Beogh against you.
Beogh smites you!
* * * LOW HITPOINT WARNING * * *
You hear some strange, mumbled words.
A puff of flame appears from out of thin air!
The puff of flame hits you!
You die...

#........>......
#.........#.....
#.#########.....
#.# .... #.#
+### #.# #.# ∆
#.##o####
#...@{..#
#..oh...#
#.....o.#
#.##+#### #. #
.# . ... #. ..#
#. ..


You could see an orc warrior, a black bear, an orc priest and an orc.

Vanquished Creatures
  A steam dragon (D:5)
  A water moccasin (D:5)
  2 black bears
  2 ice beasts (D:5)
  3 ogres
  2 scorpions (D:5)
  3 wights (D:4)
  A howler monkey (D:5)
  A hound (D:6)
  An orc priest (D:6)
  3 iguanas (D:5)
  2 orc wizards
  5 adders
  A shadow imp (D:6)
  A white imp (D:5)
  2 ufetubi (D:5)
  3 worms (D:2)
  2 dart slugs
  9 orcs
  7 endoplasms
  3 giant cockroaches
  8 goblins
  7 hobgoblins
  4 jackals
  4 quokkas
  5 ball pythons
  3 bats
  7 frilled lizards
  5 kobolds
  4 rats
102 creatures vanquished.

Notes
Turn   | Place    | Note
-------+----------+-------------------------------------------
     0 | D:1      | Error4North the Gnoll Reaver began the quest for the Orb.
     0 | D:1      | Reached XP level 1. HP: 20/20 MP: 6/6
   143 | D:1      | Reached XP level 2. HP: 16/26 MP: 7/7
   303 | D:1      | Learned a level 2 spell: Momentum Strike
   630 | D:1      | Reached skill level 5 in Spellcasting
   630 | D:1      | Reached XP level 3. HP: 29/29 MP: 7/9
   636 | D:1      | Upgraded the game from 0.31-a0-925-g0a390f2509 to
                  | 0.31-a0-931-g7b59d4eb97
   802 | D:2      | Reached skill level 1 in Invocations
  1023 | D:2      | Found a snail-covered altar of Cheibriados.
  1103 | D:2      | Learned a level 3 spell: Hailstorm
  1106 | D:2      | Learned a level 2 spell: Blink
  1109 | D:2      | Learned a level 2 spell: Lesser Beckoning
  1367 | D:2      | Reached skill level 1 in Short Blades
  1367 | D:2      | Reached skill level 1 in Long Blades
  1367 | D:2      | Reached skill level 1 in Axes
  1367 | D:2      | Reached skill level 1 in Maces & Flails
  1367 | D:2      | Reached skill level 1 in Staves
  1367 | D:2      | Reached skill level 1 in Ranged Weapons
  1367 | D:2      | Reached skill level 1 in Throwing
  1367 | D:2      | Reached skill level 1 in Armour
  1367 | D:2      | Reached skill level 1 in Stealth
  1367 | D:2      | Reached skill level 1 in Shields
  1367 | D:2      | Reached skill level 1 in Unarmed Combat
  1367 | D:2      | Reached skill level 1 in Evocations
  1388 | D:2      | Found Raboapou's Antique Armour Boutique.
  1464 | D:2      | Reached XP level 4. HP: 21/35 MP: 11/11
  1476 | D:2      | Reached skill level 1 in Shapeshifting
  1675 | D:2      | Identified the +12 mace "Kivvuagh" {holy, Str+3 Int+6}
  2044 | D:3      | Reached skill level 1 in Hexes
  2044 | D:3      | Reached skill level 1 in Summonings
  2044 | D:3      | Reached skill level 1 in Necromancy
  2044 | D:3      | Reached skill level 1 in Translocations
  2044 | D:3      | Reached skill level 1 in Transmutations
  2044 | D:3      | Reached skill level 1 in Fire Magic
  2044 | D:3      | Reached skill level 1 in Ice Magic
  2044 | D:3      | Reached skill level 1 in Air Magic
  2044 | D:3      | Reached skill level 1 in Earth Magic
  2044 | D:3      | Reached skill level 1 in Poison Magic
  2068 | D:3      | Found a faded altar of an unknown god.
  2158 | D:3      | Reached XP level 5. HP: 43/43 MP: 12/12
  2239 | D:3      | Found a broken altar of Ashenzari.
  2794 | D:4      | Found a sparkling altar of Nemelex Xobeh.
  2893 | D:4      | Noticed an ogre
  2898 | D:4      | Killed an ogre
  2899 | D:4      | Reached XP level 6. HP: 50/50 MP: 7/13
  2973 | D:4      | Reached skill level 5 in Fighting
  2973 | D:4      | Reached skill level 5 in Dodging
  3236 | D:4      | Found a staircase to the Ecumenical Temple.
  3457 | D:5      | Entered Level 5 of the Dungeon
  3464 | D:5      | Noticed an ice beast
  3483 | D:5      | Reached skill level 7 in Polearms
  3483 | D:5      | Reached XP level 7. HP: 29/56 MP: 15/15
  3911 | D:5      | Reached XP level 8. HP: 41/63 MP: 16/16
  4822 | D:6      | Killed from afar by an orc wizard

Illustrated notes

Levels and vault maps discovered:
D:1:      lightli_arrival_statue_moat, layout_loops_ring
D:2:      layout_basic, basic_altar, serial_shops, shop, eino_tiny_chamber,
          minmay_ruptured
D:3:      layout_basic, mainiacjoe_overflow_surrounded_room,
          ebering_ecumenical_altar_box
D:4:      layout_rooms, kennysheep_mini_moat, minmay_temple_entry_butterflies,
          chequers_serial_rivers_large_a, nrook_mini_vaults, serial_bayou_pond_a
D:5:      layout_gridville
D:6:      layout_basic, gup_sewer_entry_bubbles, hangedman_decor_opposing

Skill      XL: |  1  2  3  4  5  6  7  8 |
---------------+-------------------------+-----
Spellcasting   | 5 6 |  6.2
Invocations    | 1 2 3 4 |  4.0
Short Blades   | 1 2 3 |  3.6
Long Blades    | 1 2 3 |  3.6
Axes           | 1 2 3 |  3.6
Maces & Flails | 1 2 3 |  3.6
Staves         | 1 2 3 |  3.6
Ranged Weapons | 1 2 3 |  3.6
Throwing       | 1 2 3 |  3.6
Armour         | 1 2 3 |  3.6
Stealth        | 1 2 3 |  3.6
Shields        | 1 2 3 |  3.6
Unarmed Combat | 1 2 3 |  3.6
Evocations     | 1 2 3 |  3.6
Shapeshifting  | 1 2 3 |  3.3
Hexes          | 1 2 3 |  3.0
Summonings     | 1 2 3 |  3.0
Necromancy     | 1 2 3 |  3.0
Translocations | 1 2 3 |  3.0
Transmutations | 1 2 3 |  3.0
Fire Magic     | 1 2 3 |  3.0
Ice Magic      | 1 2 3 |  3.0
Air Magic      | 1 2 3 |  3.0
Earth Magic    | 1 2 3 |  3.0
Poison Magic   | 1 2 3 |  3.0
Fighting       | 5 |  5.9
Dodging        | 5 |  5.9
Polearms       | 7 |  7.6
Conjurations   | 6 |  6.3

Action                     |  1- 3 |  4- 6 |  7- 9 || total
---------------------------+-------+-------+-------++-------
  Melee: Spear             |   137 |    27 |       ||   164
         Bite              |     8 |     7 |     7 ||    22
         Mace              |       |    49 |    70 ||   119
   Fire: Sling             |       |     8 |     1 ||     9
  Throw: Stone             |     1 |     1 |       ||     2
   Cast: Kiss of Death     |     2 |       |     2 ||     4
         Hailstorm         |       |     2 |     1 ||     3
         Momentum Strike   |       |     1 |     6 ||     7
    Use: Potion            |       |       |     1 ||     1
   Stab: Sleeping          |     2 |       |     1 ||     3
 Armour: Leather armour    |    44 |    26 |    71 ||   141
  Dodge: Dodged            |    68 |    38 |    61 ||   167
  Block: Other             |     4 |     5 |       ||     9
         Buckler           |       |    14 |    45 ||    59
         Reflection        |       |     1 |     1 ||     2

Table legend: (Time is in decaauts)
 A = Elapsed time spent in this place.
 B = Non-inter-level travel time spent in this place.
 C = Inter-level travel time spent in this place.
 D = Time resting spent in this place.
 E = Time spent auto-exploring this place.
 F = Levels seen in this place.
 G = Mean time per level.
                   A        B        C        D        E       F      G
               +--------+--------+--------+--------+--------+-----+--------+
         Total |   4835 |   4735 |    100 |    436 |   3191 |   6 |  805.8 |
       Dungeon |   4835 |   4735 |    100 |    436 |   3191 |   6 |  805.8 |
               +--------+--------+--------+--------+--------+-----+--------+

Top non-repeatable levels by time:
     D:5: 1178 daAuts
     D:2: 1075 daAuts
     D:3: 901 daAuts
     D:1: 755 daAuts
     D:4: 718 daAuts
     D:6: 206 daAuts
